 Dungeon Crawl Stone Soup version 0.31.0-12-g77e489cdc1 (webtiles) character file.

Game seed: 10179249398226029311

113754 McKennaii the Devastator (level 15, 0/99 HPs)
             Began as a Demigod Conjurer on Feb 25, 2024.
             Shot with a bolt by a yaktaur captain (37 damage)
             ... on level 14 of the Dungeon.
             The game lasted 01:09:34 (36521 turns).

McKennaii the Devastator (Demigod Conjurer)        Turns: 36521, Time: 01:09:35

Health: 0/99       AC: 13    Str:  8    XL:     15   Next: 67%
Magic:  44/49      EV: 12    Int: 48    God:
Gold:   2262       SH:  0    Dex: 12    Spells: 16/45 levels left

rFire   . . .        o - staff of earth
rCold   . . .        (no shield)
rNeg    . . .        X - +0 steam dragon scales
rPois   .            T - +2 hat {SInv}
rElec   .            V - scarf "Baubobu" {harm, MP+9 Str-4 Int+6 Slay+2}
rCorr   .            (no gloves)
SInv    +            S - +1 pair of boots
Will    +....        Q - amulet of magic regeneration
Stlth   ++           s - +6 ring of intelligence
HPRegen 0.36/turn    f - +4 ring of protection
MPRegen 0.71/turn

%: harm (+30% outgoing, +20% incoming)
@: no status effects
A: high MP 1, forlorn, divine attributes
a: no special abilities


You were on level 14 of the Dungeon.
You visited 3 branches of the dungeon, and saw 22 of its levels.
You also visited: Gauntlet and Ice Cave.

You collected 2613 gold pieces.
You spent 351 gold pieces at shops.

Inventory:

Hand Weapons
 G - the +10 dark maul {heavy}
   (You took it off a two-headed ogre on level 8 of the Dungeon)
Armour
 H - a +3 scale mail of cold resistance
 S - a +1 pair of boots (worn)
 T - a +2 hat of see invisible (worn)
 V - the scarf "Baubobu" (worn) {harm, MP+9 Str-4 Int+6 Slay+2}
   (You found it in a Gauntlet)

   Str-4:     It affects your strength (-4).
   Int+6:     It affects your intelligence (+6).
   Slay+2:    It affects your accuracy & damage with ranged weapons and melee
   (+2).
   MP+9:      It affects your magic capacity (+9).
 X - +0 steam dragon scales (worn)
 Y - a +0 kite shield of positive energy
Magical Staves
 o - a staff of earth (weapon)
 U - the staff of the Wasteland {rPois rC- Dex+4 Stlth- Earth Alchemy}
   (You found it in a Gauntlet)

   [staff of alchemy]

   Base accuracy: +5 Base damage: 5 Base attack delay: 1.2 This weapon's minimum
   attack delay (0.6) is reached at skill level 12.
   Dex+4:     It affects your dexterity (+4).
   rC-:       It makes you vulnerable to cold.
   rPois:     It protects you from poison Stlth-: It makes you less stealthy.
   Earth:     It increases the power of your Earth spells.
   Alchemy:   It increases the power of your Alchemy spells.
   It falls into the 'Staves' category.
   It is a one-handed weapon.
 W - a staff of fire
Jewellery
 d - a ring of see invisible
 f - a +4 ring of protection (right hand)
 m - the macabre finger necklace {Finger+ rN+}
   (You found it in an ice cave)

   [amulet of nothing]

   Finger+:   It enables you to equip an extra ring.
   rN+:       It protects you from negative energy.
 s - a +6 ring of intelligence (left hand)
 u - a ring of flight
 N - a ring of positive energy
 Q - an amulet of magic regeneration (around neck)
 R - a ring of ice
Wands
 a - a wand of iceblast (6)
 j - a wand of paralysis (31)
 q - a wand of mindburst (17)
 C - a wand of digging (8)
 F - a wand of polymorph (10)
 K - a wand of quicksilver (8)
Scrolls
 c - 6 scrolls of revelation
 h - 9 scrolls of fog
 l - 2 scrolls of silence
 p - a scroll of poison
 t - a scroll of enchant armour {unknown}
 w - 3 scrolls of teleportation
 B - 3 scrolls of amnesia
 E - 4 scrolls of enchant weapon
 I - 4 scrolls of summoning
 L - a scroll of blinking
 P - 3 scrolls of fear
 Z - a scroll of brand weapon
Potions
 b - 3 potions of magic
 e - 6 potions of heal wounds
 g - 5 potions of haste
 i - 7 potions of curing
 k - 4 potions of brilliance
 r - 3 potions of invisibility
 v - 2 potions of might
 x - 3 potions of mutation
 z - 2 potions of attraction {unknown}
 J - 3 potions of berserk rage {unknown}
Miscellaneous
 n - a phantom mirror
 A - a phial of floods
 M - a lightning rod (4/4)


   Skills:
 - Level 1.7 Dodging
 - Level 1.7 Stealth
 + Level 15.8 Spellcasting
 + Level 17.3 Conjurations
 * Level 0.8 Ice Magic
 + Level 12.6 Earth Magic


You had 16 spell levels left.
You knew the following spells:

 Your Spells              Type           Power      Damage    Failure   Level
a - Magic Dart            Conj           100%       1d8       0%          1
b - Searing Ray           Conj           100%       2d8       0%          2
c - Iskenderun's Mystic   Conj/Tloc      88%        2d17      1%          4
d - Stone Arrow           Conj/Erth      100%       3d13      0%          3
e - Brom's Barrelling Bo  Conj/Erth      100%       2d11      0%          4
f - Lehudib's Crystal Sp  Conj/Erth      67%        10d15     8%          8
g - Ozocubu's Refrigerat  Ice            23%        4d12      97%         7

Your spell library contained the following spells:

 Spells                   Type           Power      Damage    Failure   Level
 Kiss of Death            Conj/Necr      100%       2d13      0%          1
 Sandblast                Erth           100%       2d20      0%          1
 Shock                    Conj/Air       100%       1d9       0%          1
 Passwall                 Erth           100%       N/A       0%          3
 Freeze                   Ice            100%       1d10      1%          1
 Summon Small Mammal      Summ           100%       N/A       1%          1
 Scorch                   Fire           76%        2d8       1%          2
 Call Canine Familiar     Summ           38%        N/A       1%          3
 Confusing Touch          Hex            38%        N/A       1%          3
 Dazzling Flash           Conj/Hex       100%       N/A       1%          3
 Frozen Ramparts          Ice            92%        1d14      1%          3
 Fugue of the Fallen      Necr           38%        N/A       1%          3
 Hailstorm                Conj/Ice       90%        3d15      1%          3
 Inner Flame              Hex/Fire       38%        N/A       1%          3
 Mephitic Cloud           Conj/Alch/Air  76%        N/A       1%          3
 Ozocubu's Armour         Ice            46%        N/A       1%          3
 Summon Ice Beast         Ice/Summ       42%        N/A       1%          3
 Swiftness                Air            38%        N/A       1%          3
 Flame Wave               Conj/Fire      88%        2d19      1%          4
 Fulminant Prism          Conj/Alch      44%        3d19      1%          4
 Fireball                 Conj/Fire      44%        3d18      1%          5
 Airstrike                Air            19%        2d(3-19)  5%          4
 Cause Fear               Hex            19%        N/A       5%          4
 Dispel Undead            Necr           38%        3d16      5%          4
 Manifold Assault         Tloc           38%        N/A       5%          4
 Passage of Golubria      Tloc           38%        N/A       5%          4
 Sticky Flame             Fire/Alch      38%        2d8       5%          4
 Summon Blazeheart Golem  Fire/Summ      38%        N/A       5%          4
 Curse of Agony           Necr           38%        N/A       16%         5
 Silence                  Hex/Air        19%        N/A       16%         5
 Summon Forest            Summ/Tloc      19%        N/A       16%         5
 Summon Mana Viper        Hex/Summ       38%        N/A       16%         5
 Sculpt Simulacrum        Ice/Alch       21%        N/A       58%         6
 Summon Cactus Giant      Summ           19%        N/A       65%         6
 Dragon's Call            Summ           19%        N/A       100%        9
 Polar Vortex             Ice            23%        12d3*     100%        9


Dungeon Overview and Level Annotations

Branches:
Dungeon (15/15)            Temple (0/1) D:5            Lair (5/5) D:9
  Swamp (0/4) Lair:3        Snake (0/4) Lair:3        Slime (0/5) Lair:4
    Orc (2/2) D:9             Elf (0/3) Orc:2        Vaults (0/5) D:14
 Depths (0/4) D:15          IceCv (visited)         Gauntlet (visited)

Shops:
D:4 :   D:5 ?   D:8 **   Orc:2 :[*(


Innate Abilities, Weirdness & Mutations

You have an increased reservoir of magic. (+10% MP)
You shall have no god before yourself.
Your divine heritage dramatically boosts your attributes as you level up.


Message History

The yaktaur captain is moderately wounded.
The yaktaur captain wields a +0 arbalest.
The yaktaur captain shoots a bolt.
The bolt closely misses you.
You feel a surge of power!
The stone arrow hits the yaktaur captain.
The yaktaur captain is moderately wounded.
The yaktaur captain shoots a bolt.
The bolt hits you!!!
You hear a shout!
You feel a surge of power!
The stone arrow hits the yaktaur captain!
The yaktaur captain is heavily wounded.
The yaktaur captain shoots a bolt.
The bolt hits you!!
* * * LOW HITPOINT WARNING * * *
Blink to where?
Press: ? - help, Dir - move target, p - yaktaur captain
As you read the scroll of blinking, it crumbles to dust.
You feel much better.
You feel much better.
You feel better.
You start resting.
Magic restored.
Casting: Stone Arrow (safe; 0% risk of failure)
Confirm with . or Enter, or press ? or * to list all spells.
Aiming: Stone Arrow (safe; 0% risk of failure)
Press: ? - help, Shift-Dir - straight line, f - yaktaur captain
Aim: a yaktaur captain, wielding a +0 arbalest (heavily wounded, 92% to hit)
You feel a surge of power!
The stone arrow hits the yaktaur captain!
The yaktaur captain is severely wounded.
The yaktaur captain shoots a bolt.
The bolt hits you!!
Casting: Stone Arrow (safe; 0% risk of failure)
Confirm with . or Enter, or press ? or * to list all spells.
Aiming: Stone Arrow (safe; 0% risk of failure)
Press: ? - help, Shift-Dir - straight line, f/p - yaktaur captain
Aim: a yaktaur captain, wielding a +0 arbalest (severely wounded, 92% to hit)
You feel a surge of power!
The stone arrow hits the yaktaur captain!
The yaktaur captain is severely wounded.
The yaktaur captain shoots a bolt.
The bolt hits you!!
You die...

.##....#..[..##..# .c###.###G..$
§##....#.....##..# ..##.....##$..
§##....'.....##..#++##.......##'
§#######.....##.##..#.........#
.#......[.......'..##....<....##
~#..)..........c'..#.....<<....#
§#..............'..##....c....##
##..............##..#.........#
##...)..........@#''##.....c.##
...##'#######....#.).##.....##J.
...#÷.'.....#....#$...###c###"..$
...#..#.....#....##$..'.†''.+..)#
...#..#.....'.....##$.#.....# ##
...#..#.....#......#####...#####.
...#..#.....#####......#####.....
...###########...................
.........#..##...#............#..


You could see a yaktaur captain.

Vanquished Creatures
  Rupert (D:14)
  Agnes (D:14)
  A stone giant (D:15)
  3 orc warlords (Orc:2)
  A minotaur (Gauntlet)
  Azrael (D:14)
  Snorg (D:14)
  Josephine (Lair:5)
  2 ettins (Orc:2)
  An ice dragon (IceCv)
  3 vault guards (D:14)
  A hell beast (Gauntlet)
  Harold (D:9)
  4 centaur warriors
  4 hydras
  A merfolk avatar (Lair:5)
  7 two-headed ogres
  2 death knights
  3 boulder beetles
  2 death scarabs (Gauntlet)
  5 death yaks (Lair:2)
  3 tengu warriors
  An orc high priest (Orc:2)
  Urug (Lair:5)
  3 skysharks
  A spectral death yak (Gauntlet)
  2 sea snakes (Lair:5)
  5 glowing orange brains
  2 arcanists
  A harpy (Lair:5)
  A phantasmal warrior (D:15)
  4 orc knights
  A lindwurm (Lair:5)
  4 orc sorcerers
  A spectral boulder beetle (Gauntlet)
  2 deep elf pyromancers
  An ugly thing (D:13)
  9 cyclopes
  A worldbinder (Gauntlet)
  A meliai (shapeshifter) (D:15)
  24 elephants
  2 ice statues (IceCv)
  4 black mambas
  A gargoyle (D:12)
  2 torpor snails (Lair:5)
  Maggie (Lair:1)
  13 cane toads
  A yaktaur (D:14)
  7 rime drakes
  An unseen horror (D:10)
  A freezing wraith (D:15)
  An efreet (D:14)
  10 komodo dragons
  2 ice devils (Orc:2)
  3 tengu conjurers
  3 kobold demonologists
  4 polar bears
  13 trolls
  A queen bee (shapeshifter) (D:14)
  A troll (shapeshifter) (D:14)
  A merfolk (D:7)
  A hornet (Lair:5)
  A wind drake (Lair:5)
  7 blink frogs (Lair:2)
  9 saltlings (Orc:2)
  22 dream sheep
  11 slime creatures
  3 shadows
  6 wraiths
  5 water elementals (D:7)
  3 vampires
  7 wyverns
  9 humans (D:14)
  39 yaks
  3 steam dragons
  A basilisk (Lair:3)
  A warg (Orc:2)
  2 fire elementals (D:14)
  A yak (shapeshifter) (D:15)
  A human (shapeshifter) (D:15)
  16 vampire mosquitoes
  4 swamp worms (Lair:3)
  An acid dragon (D:12)
  A spectral cane toad (Gauntlet)
  3 nagas (Lair:3)
  7 hell hounds
  20 orc warriors
  16 water moccasins
  An ice beast (D:6)
  A black bear (shapeshifter) (D:14)
  5 ogres
  A black bear (D:6)
  A sky beast (D:7)
  14 wolves
  8 boggarts
  7 centaurs
  2 phantoms
  6 kobold brigands
  A gnoll sergeant (D:9)
  12 bullfrogs
  8 scorpions
  9 wights
  19 killer bees
  4 lindwurm simulacra (IceCv)
  6 electric eels
  3 howler monkeys
  4 bombardier beetles
  A lava snake (Orc:2)
  5 komodo dragon simulacra (IceCv)
  8 hounds
  Crazy Yiuf (D:7)
  7 orc priests
  8 jellies
  A sleepcap (D:6)
  Jessica (D:2)
  2 gnoll boudas
  2 iguanas
  11 orc wizards
  5 acid dragon simulacra (IceCv)
  19 gnolls
  12 adders
  A shadow imp (D:5)
  2 white imps
  2 ufetubi (D:5)
  7 steam dragon simulacra (IceCv)
  2 ribbon worms
  2 dart slugs (D:1)
  73 orcs
  9 ball pythons
  12 bats
  3 endoplasms
  5 giant cockroaches
  5 goblins
  8 hobgoblins
  A jackal (D:4)
  23 kobolds
  3 quokkas
  3 frilled lizards
  A rat (D:3)
  A boulder (Orc:2)
744 creatures vanquished.

Vanquished Creatures (collateral kills)
  An elephant (Lair:3)
  51 boulders
52 creatures vanquished.

Vanquished Creatures (others)
  A tengu warrior (D:13)
  An orc (D:9)
  47 boulders
49 creatures vanquished.

Grand Total: 845 creatures vanquished

Notes
Turn   | Place    | Note
-------+----------+-------------------------------------------
     0 | D:1      | McKennaii the Demigod Conjurer began the quest for the Orb.
     0 | D:1      | Reached XP level 1. HP: 14/14 MP: 5/5
   484 | D:1      | Reached XP level 2. HP: 20/20 MP: 4/7
   649 | D:1      | Reached skill level 4 in Conjurations
  1004 | D:1      | Learned a level 2 spell: Searing Ray
  1132 | D:2      | Reached XP level 3. HP: 20/26 MP: 0/9
  1955 | D:2      | Noticed Jessica
  1958 | D:2      | Killed Jessica
  1959 | D:2      | Reached XP level 4. HP: 33/33 MP: 7/11
  2377 | D:3      | Reached XP level 5. HP: 38/38 MP: 10/13
  2417 | D:3      | Reached skill level 5 in Conjurations
  3240 | D:4      | Reached XP level 6. HP: 27/45 MP: 4/15
  3695 | D:4      | Reached skill level 6 in Conjurations
  3822 | D:4      | Found Caot's Book Boutique.
  4250 | D:4      | Reached skill level 5 in Spellcasting
  4250 | D:4      | Reached XP level 7. HP: 50/50 MP: 10/17
  4255 | D:4      | Learned a level 4 spell: Iskenderun's Mystic Blast
  4259 | D:4      | Learned a level 3 spell: Stone Arrow
  4264 | D:4      | Learned a level 4 spell: Brom's Barrelling Boulder
  4751 | D:5      | Entered Level 5 of the Dungeon
  5342 | D:5      | Found a staircase to the Ecumenical Temple.
  5391 | D:5      | Reached skill level 7 in Conjurations
  5445 | D:5      | Found Vuhe's Magic Scroll Emporium.
  5557 | D:5      | Bought a scroll of revelation for 105 gold pieces
  5957 | D:5      | Reached XP level 8. HP: 31/57 MP: 12/20
  6772 | D:6      | Reached skill level 8 in Conjurations
  6919 | D:6      | Noticed a troll
  6932 | D:6      | Killed a troll
  7786 | D:7      | Reached XP level 9. HP: 62/62 MP: 17/24
  7844 | D:7      | Reached skill level 9 in Conjurations
  8657 | D:7      | Reached skill level 10 in Conjurations
  9318 | D:7      | Found a runed translucent door.
  9319 | D:7      | Noticed Crazy Yiuf
  9451 | D:7      | Killed Crazy Yiuf
  9638 | D:8      | Found Nynek's General Store.
  9821 | D:8      | Found Ivecoem's Assorted Antiques.
  9829 | D:8      | Bought a scroll labelled ZEDWIPLE DUHU for 18 gold pieces
  9829 | D:8      | Bought a scroll labelled YBESIM SUTIUZ for 18 gold pieces
  9829 | D:8      | Bought a scroll labelled ZEDWIPLE DUHU for 18 gold pieces
  9829 | D:8      | Bought a short bone wand for 72 gold pieces
 10044 | D:8      | Reached XP level 10. HP: 69/69 MP: 13/27
 10735 | D:8      | Noticed a cyclops
 10793 | D:8      | Killed a cyclops
 10889 | D:8      | Noticed a cyclops
 11075 | D:8      | Killed a cyclops
 11159 | D:8      | Noticed a two-headed ogre
 11280 | D:8      | Noticed a two-headed ogre
 11291 | D:8      | Killed a two-headed ogre
 11292 | D:8      | Reached skill level 11 in Conjurations
 11352 | D:8      | Noticed a two-headed ogre
 11373 | D:8      | Killed a two-headed ogre
 11374 | D:8      | Reached skill level 10 in Spellcasting
 11400 | D:8      | Killed a two-headed ogre
 11560 | D:8      | Noticed a two-headed ogre
 11568 | D:8      | Killed a two-headed ogre
 12325 | D:9      | Reached skill level 12 in Conjurations
 12671 | D:9      | Found a staircase to the Lair.
 12860 | D:9      | Reached XP level 11. HP: 61/74 MP: 26/30
 12949 | D:9      | Noticed Harold
 12957 | D:9      | Killed Harold
 13502 | D:9      | Found a staircase to the Orcish Mines.
 13564 | D:9      | Noticed a two-headed ogre
 13573 | D:9      | Killed a two-headed ogre
 13919 | D:10     | Entered Level 10 of the Dungeon
 14755 | D:10     | Reached skill level 1 in Earth Magic
 14903 | D:10     | Found the +11 Singing Sword {sonic wave}
 16543 | D:12     | Noticed a two-headed ogre
 16646 | D:12     | Found a gate leading to a gauntlet.
 16651 | Gauntlet | Entered a Gauntlet
 16651 | Gauntlet | Found a transporter.
 16651 | Gauntlet | Found a transporter.
 16651 | Gauntlet | Found a transporter.
 16655 | Gauntlet | Found a transporter.
 16655 | Gauntlet | Found a transporter.
 16655 | Gauntlet | Found a transporter.
 16656 | Gauntlet | Noticed a necromancer
 16657 | Gauntlet | Noticed a hell beast
 16660 | Gauntlet | Noticed a dire elephant
 16665 | Gauntlet | Found a transporter.
 16669 | Gauntlet | Found a transporter.
 16671 | Gauntlet | Found a large runed translucent door.
 16671 | Gauntlet | Noticed a large abomination
 16672 | Gauntlet | Found a large runed translucent door.
 16673 | Gauntlet | Found a large runed translucent door.
 16673 | Gauntlet | Found a large runed translucent door.
 16673 | Gauntlet | Found a runed translucent door.
 16674 | Gauntlet | Found a large runed translucent door.
 16675 | Gauntlet | Found a large runed translucent door.
 16676 | Gauntlet | Found a large runed translucent door.
 16676 | Gauntlet | Found a large runed translucent door.
 16677 | Gauntlet | Found a runed translucent gate.
 16678 | Gauntlet | Noticed a large abomination
 16678 | Gauntlet | Noticed a death scarab
 16679 | Gauntlet | Noticed a death scarab
 16681 | Gauntlet | Found a transporter.
 16687 | Gauntlet | Noticed a large abomination
 16780 | Gauntlet | Found a transporter.
 16784 | Gauntlet | Found a transporter.
 16786 | Gauntlet | Found a large runed translucent door.
 16787 | Gauntlet | Found a large runed translucent door.
 16788 | Gauntlet | Found a large runed translucent door.
 16788 | Gauntlet | Found a large runed translucent door.
 16788 | Gauntlet | Found a runed translucent door.
 16789 | Gauntlet | Found a large runed translucent door.
 16790 | Gauntlet | Found a large runed translucent door.
 16791 | Gauntlet | Found a large runed translucent door.
 16791 | Gauntlet | Found a large runed translucent door.
 16792 | Gauntlet | Found a runed translucent gate.
 16792 | Gauntlet | Found a runed translucent gate.
 16794 | Gauntlet | Found a transporter.
 16844 | Gauntlet | Noticed a tengu warrior
 16844 | Gauntlet | Noticed a tengu warrior
 16844 | Gauntlet | Noticed an arcanist
 16845 | Gauntlet | Noticed a goliath frog
 16845 | Gauntlet | Noticed a bog body
 16849 | Gauntlet | Noticed a bog body
 16849 | Gauntlet | Noticed a bog body
 16849 | Gauntlet | Noticed a goliath frog
 16965 | Gauntlet | Killed a hell beast
 16966 | Gauntlet | Reached skill level 13 in Conjurations
 17090 | Gauntlet | Identified the staff of the Wasteland {rPois rC- Dex+4
                  | Stlth- Earth Alchemy}
 17131 | Gauntlet | Killed a death scarab
 17132 | Gauntlet | Killed a death scarab
 17490 | Gauntlet | Identified the scarf "Baubobu" {harm, MP+9 Str-4 Int+6
                  | Slay+2}
 17494 | Gauntlet | Identified the +1 chain mail of Vehumet {rPois rC- Int+2
                  | Dex+2}
 18132 | Gauntlet | Noticed a minotaur
 18143 | Gauntlet | Killed a minotaur
 18144 | Gauntlet | Reached XP level 12. HP: 19/81 MP: 4/32
 18450 | D:12     | Noticed a boulder beetle
 18472 | D:12     | Reached skill level 5 in Earth Magic
 18488 | D:12     | Killed a boulder beetle
 18627 | D:12     | Noticed a boulder beetle
 18658 | D:12     | Killed a boulder beetle
 19967 | D:13     | Reached skill level 14 in Conjurations
 20367 | D:14     | Noticed a yaktaur captain
 20433 | D:14     | Noticed a boulder beetle
 20435 | D:14     | Noticed a boulder beetle
 20435 | D:14     | Noticed a rakshasa
 20647 | D:14     | Noticed Agnes
 20654 | D:14     | Killed Agnes
 20777 | D:14     | Noticed Azrael
 20881 | D:14     | Noticed a centaur warrior
 20889 | D:14     | Killed a centaur warrior
 21015 | D:14     | Noticed Rupert
 21046 | D:14     | Killed Rupert
 21164 | D:14     | Noticed a centaur warrior
 21178 | D:14     | Killed a centaur warrior
 21179 | D:14     | Reached XP level 13. HP: 77/86 MP: 27/35
 21415 | D:14     | Noticed Snorg
 21420 | D:14     | Killed Snorg
 22070 | D:14     | Found a gate to the Vaults.
 22186 | D:15     | Entered Level 15 of the Dungeon
 23184 | D:15     | Reached skill level 15 in Conjurations
 24312 | D:15     | Found a staircase to the Depths.
 24312 | D:15     | Noticed a stone giant
 24318 | D:15     | Killed a stone giant
 24834 | D:14     | Killed Azrael
 25201 | Lair:1   | Entered Level 1 of the Lair of Beasts
 25675 | Lair:1   | Noticed Maggie
 25685 | Lair:1   | Killed Maggie
 26493 | Lair:2   | Reached XP level 14. HP: 61/93 MP: 20/37
 27215 | Lair:2   | Reached skill level 10 in Earth Magic
 28171 | Lair:3   | Identified the +1 leather armour "Qusaojuq" {rPois Will+
                  | Str+6 Dex-3}
 28651 | Lair:3   | Found a staircase to the Snake Pit.
 28746 | Lair:3   | Reached skill level 16 in Conjurations
 28772 | Lair:3   | Found a staircase to the Swamp.
 29403 | Lair:4   | Learned a level 8 spell: Lehudib's Crystal Spear
 29540 | Lair:4   | Found a staircase to the Slime Pits.
 30308 | Lair:5   | Entered Level 5 of the Lair of Beasts
 30308 | Lair:5   | Noticed Urug
 30323 | Lair:5   | Killed Urug
 30323 | Lair:5   | Noticed Josephine
 30330 | Lair:5   | Killed Josephine
 30866 | Lair:5   | Reached skill level 15 in Spellcasting
 31413 | Lair:5   | Reached XP level 15. HP: 54/99 MP: 30/39
 31836 | Lair:5   | Identified the +9 rapier of the Imbibing Gods {flame, Str+6
                  | Dex-4}
 32587 | Orc:1    | Entered Level 1 of the Orcish Mines
 32998 | Orc:2    | Entered Level 2 of the Orcish Mines
 33007 | Orc:2    | Found a frozen archway.
 33027 | IceCv    | Entered an ice cave
 33984 | IceCv    | Found the macabre finger necklace {Finger+ rN+}
 34153 | Orc:2    | Found a staircase to the Elven Halls.
 34268 | Orc:2    | Reached skill level 17 in Conjurations
 34821 | Orc:2    | Paralysed by an orc sorcerer for 3 turns
 35163 | Orc:2    | Found Iboiv's Book Shoppe.
 35389 | Orc:2    | Found Qaryzamoci's General Store.
 35391 | Orc:2    | Found Afrocw Tint's Armour Shoppe.
 35401 | Orc:2    | Bought a potion of invisibility for 120 gold pieces
 35496 | Orc:2    | Found Zojoupna's Antique Weapon Boutique.
 35907 | Orc:2    | Learned a level 7 spell: Ozocubu's Refrigeration
 36521 | D:14     | Shot with a bolt by a yaktaur captain

Illustrated notes

Levels and vault maps discovered:
D:1:      dpeg_arrival_refuge, layout_loops_cross
D:2:      layout_loops_ring, uniq_jessica
D:3:      layout_basic, mainiacjoe_overflow_swirl, grunt_temple_overflow_open
D:4:      minmay_opposing_rooms, layout_loops_ring, zin_treasury, serial_shops,
          nicolae_shop_tiny_statue_garden, nicolae_figureground_pulse
D:5:      layout_basic, nemelex_diamond_rough_becter,
          minmay_temple_entry_enclosed_plants, serial_shops, shop
D:6:      layout_gridville
D:7:      layout_cave_pools, cheibrodos_worm_habitat, serial_park_tiny_2,
          nicolae_rank_and_phial, uniq_crazy_yiuf_cottage
D:8:      layout_basic, grunt_gozag_statues, serial_shops,
          nicolae_take_the_stairs, nicolae_shop_crystal,
          hellmonk_guarded_unrand_dark_maul
D:9:      layout_roguey, erik_lair_island, orc_0_dummy,
          chequers_serial_rivers_micro_e, lemuel_flamethrower_hall, uniq_harold
D:10:     old_forge, layout_long_grid
D:11:     layout_basic, special_room [special_room_orc]
D:12:     layout_loops_ring, gauntlet_entry_generic
D:13:     layout_irregular_city
D:14:     hangedman_surveillance_ring, layout_gridville,
          ximxim_vaults_locker_room, grunt_dithmenos_smoke_and_mirrors,
          uniq_agnes, uniq_snorg, uniq_rupert, uniq_azrael
D:15:     grunt_enter_depths_snipers, layout_layer_cave
Lair:1:   layout_chaotic_city, serial_bayou_shore_b, serial_bayou_shore_b,
          uniq_maggie
Lair:2:   layout_roguey, wad_woods_river_01
Lair:3:   layout_loops_ring, palyth_hydra_swamp_entry,
          minmay_snake_entry_guardpost_small, worms_lemuel
Lair:4:   layout_roguey, nicolae_slime_entry_field_trip
Lair:5:   gammafunk_lair_ancient_temple, layout_regular_city,
          chequers_serial_rivers_small_b, uniq_urug, uniq_josephine
Orc:1:    layout_diamond_mine
Orc:2:    hellmonk_orc_salted, layout_diamond_mine,
          portal_ice_cave_demonic_guard, nicolae_orc_lava_tube

Skill      XL: |  1  2  3  4  5  6  7  8  9 10 11 12 13 14 15 |
---------------+----------------------------------------------+-----
Spellcasting   | 2 3 4 5 6 7 9 10 12 13 14 15 | 15.8
Conjurations   | 4 5 6 7 8 10 12 13 14 15 16 17 | 17.3
Earth Magic    | 4 7 9 11 12 | 12.6
Dodging        | |  1.7
Stealth        | |  1.7
Ice Magic      | |  0.8

Action                     |  1- 3 |  4- 6 |  7- 9 | 10-12 | 13-15 || total
---------------------------+-------+-------+-------+-------+-------++-------
  Melee: Unarmed           |     7 |     2 |       |       |       ||     9
         Punch             |     1 |       |       |       |     1 ||     2
         Staff             |       |       |    12 |    14 |    55 ||    81
         Spear             |       |       |     9 |       |       ||     9
   Cast: Magic Dart        |    80 |   100 |   259 |   156 |       ||   595
         Searing Ray       |       |    12 |    14 |    21 |    11 ||    58
         Iskenderun's Myst |       |       |    28 |   110 |   122 ||   260
         Stone Arrow       |       |       |    29 |    95 |   632 ||   756
         Brom's Barrelling |       |       |       |    75 |    75 ||   150
  Evoke: Wand              |       |       |     7 |     3 |       ||    10
         Lightning rod     |       |       |       |     4 |       ||     4
    Use: Scroll            |       |       |       |    10 |    16 ||    26
         Potion            |       |       |       |       |     5 ||     5
   Stab: Paralysed         |       |       |     7 |       |       ||     7
 Armour: Robe              |    17 |    14 |    75 |    86 |       ||   192
         Troll leather arm |       |       |       |    40 |    39 ||    79
         Steam dragon scal |       |       |       |       |   191 ||   191
  Dodge: Dodged            |    22 |    15 |    87 |   157 |   221 ||   502
